 Dungeon Crawl Stone Soup version 0.26-a0-1132-ge9770dfcb6 (webtiles) character file.

Game seed: 11443905676981432524

38 Gargoyl the Skirmisher (level 3, -2/35 HPs)
             Began as a Gnoll Abyssal Knight on Dec 20, 2020.
             Was a Follower of Lugonu.
             Slain by Sigmund
             ... wielding a +0 scythe
              (6 damage)
             ... on level 2 of the Dungeon.
             The game lasted 00:01:29 (868 turns).

Gargoyl the Skirmisher (Gnoll Abyssal Knight)        Turns: 868, Time: 00:01:30

Health: -2/35      AC:  9    Str: 15    XL:     3   Next: 43%
Magic:  6/6        EV: 10    Int: 14    God:    Lugonu [*.....]
Gold:   79         SH:  0    Dex: 14    Spells: 3/3 levels left

rFire    + . .     SeeInvis .   a - +3 hand axe
rCold    + . .     Faith    .   (no shield)
rNeg     + . .     Spirit   .   d - +2 scale mail {rN+}
rPois    .         Reflect  .   (no helmet)
rElec    .         Harm     .   l - scarf {rC+ rF+}
rCorr    .         Rampage  .   (no gloves)
Will     .....                  (no boots)
Stlth    ..........             (no amulet)
HPRegen  0.11/turn              (no ring)
MPRegen  0.10/turn              (no ring)

@: no status effects
A: distributed training, fangs 1, strong nose
a: Renounce Religion, Depart the Abyss


You were on level 2 of the Dungeon.
You worshipped Lugonu.
Lugonu was aware of your devotion.
You visited 1 branch of the dungeon, and saw 2 of its levels.
You visited the Abyss 1 time.

You collected 79 gold pieces.

Inventory:

Hand Weapons
 a - a +3 hand axe (weapon)
Armour
 d - a +2 scale mail of positive energy (worn)
 l - a scarf of resistance (worn)
Scrolls
 i - 2 scrolls of fog
 m - a scroll of teleportation
Potions
 b - 3 potions of lignification
 c - a potion of brilliance {unknown}
 f - 2 potions of heal wounds {unknown}
 j - 4 potions of degeneration {unknown}


   Skills:
 + Level 6.5 Fighting
 + Level 0.8 Short Blades
 + Level 0.8 Long Blades
 + Level 4.5 Axes
 + Level 0.8 Maces & Flails
 + Level 0.8 Polearms
 + Level 0.8 Staves
 + Level 0.8 Slings
 + Level 0.8 Bows
 + Level 0.8 Crossbows
 + Level 0.8 Throwing
 + Level 4.5 Armour
 + Level 2.6 Dodging
 + Level 0.8 Stealth
 + Level 0.8 Shields
 + Level 0.8 Unarmed Combat
 + Level 0.8 Spellcasting
 + Level 0.5 Conjurations
 + Level 0.5 Hexes
 + Level 0.5 Summonings
 + Level 0.5 Necromancy
 + Level 0.5 Translocations
 + Level 0.5 Transmutations
 + Level 0.5 Fire Magic
 + Level 0.5 Ice Magic
 + Level 0.5 Air Magic
 + Level 0.5 Earth Magic
 + Level 0.5 Poison Magic
 + Level 4.6 Invocations
 + Level 0.8 Evocations


You had 3 spell levels left.
You didn't know any spells.
Your spell library was empty.

Dungeon Overview and Level Annotations

Branches:
Dungeon (2/15)

Altars:

Annotations:
D:2 Sigmund


Innate Abilities, Weirdness & Mutations

Your experience applies equally to all skills.
You have very sharp teeth.
Your uncanny sense of smell can sniff out nearby items.


Message History

* * * LOW HITPOINT WARNING * * *
Unknown command.
You hit Sigmund.
Sigmund is severely wounded.
You hit the worm. You hit the ooze. Sigmund barely misses you.
The ooze hits you but does no damage.
You closely miss Sigmund.
Sigmund is severely wounded.
You hit the worm but do no damage. You hit the ooze.
You kill the ooze!
Lugonu accepts your kill. The worm bites you but does no damage.
Sigmund closely misses you.
Unknown command.
You hit Sigmund.
Sigmund is almost dead.
You hit the worm. You hit Sigmund.
Sigmund is almost dead.
You hit the worm. Sigmund hits you with a +0 scythe.
You die...

.......#######
.............#
...........!#
####..........#
..............#
..............#
................#
........@@......#
....?...w.......#
................#
.........))....#
..............#
#####..........#
#...†(.(.....#.#
#.##########.#.#
#§# .# #


You could see Sigmund and a worm.

Vanquished Creatures
  An ooze (D:2)
  A dart slug (D:1)
  A leopard gecko (D:1)
  7 bats (D:1)
  A giant cockroach (D:1)
  2 goblins (D:1)
  4 hobgoblins
  2 jackals (D:1)
  A quokka (D:2)
  2 frilled lizards (D:1)
  7 kobolds
  A rat (D:1)
30 creatures vanquished.

Notes
Turn   | Place    | Note
-------+----------+-------------------------------------------
     0 | Abyss:1  | Gargoyl the Gnoll Abyssal Knight began the quest for the
                  | Orb.
     0 | Abyss:1  | Reached XP level 1. HP: 23/23 MP: 3/3
    39 | Abyss:2  | Noticed a quasit
    39 | Abyss:2  | Noticed a ynoxinul
    40 | Abyss:2  | Noticed a bone dragon
    70 | Abyss:3  | Noticed a smoke demon
    71 | D:1      | Escaped the Abyss
   115 | D:1      | Reached * piety under Lugonu
   206 | D:1      | Reached XP level 2. HP: 27/29 MP: 5/5
   492 | D:1      | Reached XP level 3. HP: 34/35 MP: 6/6
   853 | D:2      | Noticed Sigmund
   868 | D:2      | Slain by Sigmund

Illustrated notes

Levels and vault maps discovered:
D:1:      lordsloth_arrival_two_stooges, layout_basic
D:2:      layout_basic, nicolae_ru_awakened_eye, uniq_sigmund

Action                   || total
-------------------------++-------
Melee: Hand axe          ||    88
       Bite              ||     7
Invok: Depart the Abyss  ||     1
  Use: Potion            ||     1
       Scroll            ||     6
Armor: Scale mail        ||    83
Dodge: Dodged            ||    99

Table legend: (Time is in decaauts)
 A = Elapsed time spent in this place.
 B = Non-inter-level travel time spent in this place.
 C = Inter-level travel time spent in this place.
 D = Time resting spent in this place.
 E = Time spent auto-exploring this place.
 F = Levels seen in this place.
 G = Mean time per level.
                   A        B        C        D        E       F      G
               +--------+--------+--------+--------+--------+-----+--------+
         Total |    874 |    843 |     31 |     16 |    561 |   5 |  174.8 |
       Dungeon |    803 |    772 |     31 |      4 |    531 |   2 |  401.5 |
         Abyss |     70 |     70 |      0 |     12 |     30 |   3 |   23.3 |
               +--------+--------+--------+--------+--------+-----+--------+

Top non-repeatable levels by time:
     D:1: 752 daAuts
     D:2: 51 daAuts
 Abyss:2: 37 daAuts
 Abyss:3: 26 daAuts
 Abyss:1: 6 daAuts
